 Dungeon Crawl Stone Soup version 0.17-a0-737-gf0a300a (webtiles) character file.

31091 Leibowitz the Unseen (level 13, -3/78 HPs)
             Began as a Kobold Gladiator on Apr 27, 2015.
             Was a High Priest of Okawaru.
             Splashed by an ancient lich's acid (8 damage)
             ... on level 1 of the Abyss.
             The game lasted 01:51:39 (24347 turns).

Leibowitz the Unseen (Kobold Gladiator)            Turns: 24347, Time: 01:51:41

Health: -3/78      AC: 10    Str: 14    XL:     13   Next: 93%
Magic:  18/20      EV: 32    Int:  6    God:    Okawaru [*****.]
Gold:   2391       SH: 10    Dex: 21    Spells: 0 memorised, 12 levels left

rFire  . . .     SeeInvis .     a - +9 rapier of Absolution {pierce, rC+}
rCold  + . .     Clarity  .     O - +2 ring mail {rPois}
rNeg   . . .     SustAb   .     A - +1 buckler
rPois  +         Gourm    .     B - +2 hat
rElec  .         Spirit   .     (no cloak)
rCorr  .         Warding  .     K - +2 pair of gloves
rMut   +         Stasis   .     N - +0 pair of boots
MR     .....                    C - amulet of resist mutation
Stlth  +++++++++.               s - ring of invisibility
                                l - +2 ring of evasion

@: heroism, corroded equipment, not resistant to hostile enchantments,
incredibly stealthy
A: carnivore 3
a: Heroism, Finesse, Renounce Religion, Evoke Invisibility


You were on level 1 of the Abyss.
You worshipped Okawaru.
Okawaru was extremely pleased with you.
You were very full.

You visited 4 branches of the dungeon, and saw 21 of its levels.
You visited the Abyss 1 time.
You also visited: Ossuary.

You collected 2516 gold pieces.
You spent 125 gold pieces at shops.

Inventory:

Hand weapons
 a - the +9 rapier of Absolution (weapon) {pierce, rC+}
   (You found it on level 12 of the Dungeon)

   It inflicts extra damage upon your enemies.
   It protects you from cold.
 b - a +0 blowgun
 W - a +3 rapier of venom
Missiles
 e - 18 curare-tipped needles
 t - 8 needles of paralysis
 H - 10 needles of confusion
 M - 2 needles of sleeping
Armour
 r - a +2 robe of magic resistance
 A - a +1 buckler (worn)
 B - a +2 hat (worn)
 K - a +2 pair of gloves (worn)
 N - a +0 pair of boots (worn)
 O - a +2 ring mail of poison resistance (worn)
Jewellery
 l - a +2 ring of evasion (left hand)
 s - a ring of invisibility (right hand)
 C - an amulet of resist mutation (around neck)
 X - an uncursed amulet of resist corrosion
Magical devices
 v - a wand of digging (8)
 y - a wand of fireball (8)
 L - a wand of draining (4)
Scrolls
 f - 17 scrolls of teleportation
 h - 2 scrolls of enchant weapon
 i - a scroll of remove curse
 j - 19 scrolls of identify
 m - 6 scrolls of enchant armour
 x - a scroll of fog
 D - 2 scrolls of recharging
 P - 2 scrolls of magic mapping
 T - 2 scrolls of fear
Potions
 d - 3 potions of brilliance
 g - 2 potions of lignification
 k - 2 potions of restore abilities
 n - a potion of agility
 o - 2 potions of might
 p - a potion of cure mutation
 q - a potion of berserk rage
 w - a potion of magic
 E - 4 potions of ambrosia
 F - 6 potions of curing
 G - a potion of heal wounds
 I - a potion of cancellation
 J - a potion of resistance
 V - 2 potions of invisibility
 Z - a potion of flight
Books
 z - a book of Party Tricks

   Spells                             Type                      Level
   a - Summon Butterflies             Summoning                    1
   b - Apportation                    Translocation                1
   c - Tukima's Dance                 Hexes                        3
   d - Alistair's Intoxication        Transmutation/Poison         4
   e - Invisibility                   Hexes                        6
Comestibles
 c - a slice of pizza
 u - a beef jerky


   Skills:
 + Level 7.6(12.6) Fighting
 + Level 12.0(17.0) Short Blades
 + Level 5.1(10.1) Throwing
 + Level 2.0(7.0) Armour
 + Level 13.4(18.4) Dodging
 + Level 16.1(21.1) Stealth
 + Level 5.3(10.3) Shields
 + Level 1.0 Invocations
 * Level 9.6 Evocations


You had 12 spell levels left.
You didn't know any spells.

Dungeon Overview and Level Annotations

Branches:
Dungeon (12/15)            Temple (1/1) D:4            Lair (4/8) D:8
  Swamp (0/5) Lair:3          Orc (4/4) D:12
  Snake: Lair:3-6    Spider: Lair:3-6       Elf: Orc:3-4

Altars:
Ashenzari
Cheibriados
Dithmenos
Elyvilon
Fedhas
Gozag
Kikubaaqudgha
Makhleb
Nemelex Xobeh
Okawaru
Qazlal
Ru
Sif Muna
Trog
Vehumet
Xom
Yredelemnul
Zin
The Shining One
Beogh

Shops:
D:7 (   D:11 (   D:12 *(   Orc:2 ==(   Orc:4 (=**


Innate Abilities, Weirdness & Mutations

You are small and have problems with some larger weapons.
You are carnivorous and can eat meat at any time.


Message History

The ancient lich shouts!
Use which ability? (? or * to list)
You gain the combat prowess of a mighty hero.
You feel slightly less full.
The ancient lich launches a ball of destructive magic.
You hear an angry hiss.
A mana viper comes into view.
The ancient lich gestures at you while chanting.
The fireball explodes!
The fireball engulfs you!
Ouch! That really hurt!
* * * LOW HITPOINT WARNING * * *
Drink which item? (? for menu, Esc to quit)
You feel much better. You block the orb of destruction.
The orb of destruction dissipates.
The ancient lich points at you and mumbles some strange words.
The bolt of acid hits you!
Ouch! That really hurt!
* * * LOW HITPOINT WARNING * * *
The acid corrodes your equipment!
The acid burns!
You die...

.## ..###. . #
.#.#. ...>#..#.
# #.#......##
.....?..L
#.##.#..
#.....### ##
#..####...# .#
###.@ยง## ..
#.##.S#..# #
##...L.... ###
#...#.#..... #
# #.#....#..#.
#.
...........#.##
. #....##.##..#
# #####.... # #
# # ### .#..#


You could see an ancient lich and a mana viper.

Vanquished Creatures
  2 hydras
  A thrashing horror (Abyss:1)
  An orc knight (Orc:3)
  4 hill giants
  2 cyclopes
  4 black mambas
  A worldbinder (Abyss:1)
  A large abomination (Abyss:1)
  A griffon (D:10)
  A sixfirhy (Abyss:1)
  Psyche (D:12)
  10 spiny frogs
  2 komodo dragons
  6 polar bears
  A two-headed ogre (D:11)
  Prince Ribbit (D:6)
  2 trolls
  A spriggan (D:7)
  4 wandering mushrooms (D:12)
  Sigmund (D:6)
  A shadow (D:11)
  4 yaks
  6 hippogriffs
  3 basilisks
  5 wyverns
  A steam dragon (D:7)
  2 wraiths
  2 deep elf magi (D:12)
  A golden eye (Abyss:1)
  A wolf (D:11)
  A warg (Orc:2)
  Menkaure (D:4)
  A soldier ant (D:12)
  11 porcupines
  13 water moccasins
  4 ice beasts
  A wasp (D:8)
  4 boring beetles (D:8)
  11 orc warriors
  13 ogres
  6 black bears
  12 centaurs
  4 crocodiles
  4 sky beasts
  Blork the orc (D:4)
  9 giant frogs
  A brain worm (D:12)
  A gnoll sergeant (D:9)
  5 scorpions
  4 wights (D:10)
  2 small abominations (Abyss:1)
  6 killer bees
  2 electric eels
  A quasit (D:8)
  3 crimson imps
  8 hounds
  A jelly (D:8)
  3 centaur zombies (Ossuary)
  A giant frog zombie (D:8)
  8 orc priests
  Ijyb (D:3)
  3 centaur skeletons
  A giant frog skeleton (D:8)
  Jessica (D:2)
  20 orc wizards
  2 gnoll shamans (D:4)
  7 worker ants
  3 iguanas
  A sheep (D:10)
  A big kobold zombie (Ossuary)
  2 ogre zombies (Ossuary)
  2 hound zombies (D:8)
  2 hound skeletons
  7 mummies (Ossuary)
  16 gnolls
  53 river rats
  10 adders
  2 shadow imps
  3 white imps (D:11)
  5 oozes
  An adder skeleton (D:4)
  6 adder zombies (Ossuary)
  3 worms
  5 giant geckos
  124 orcs
  A bat skeleton (D:8)
  7 giant cockroaches
  A gnoll zombie (Ossuary)
  21 goblins
  19 hobgoblins
  10 kobolds
  7 quokkas
  2 ball pythons
  15 bats
  2 giant newts (D:3)
  3 giant spores
  4 goblin zombies (Ossuary)
  6 hobgoblin zombies (Ossuary)
  10 jackals
  A kobold zombie (Ossuary)
  4 quokka zombies
  16 rats
  3 rat zombies (Ossuary)
  6 ballistomycetes
  A butterfly (D:4)
635 creatures vanquished.

Vanquished Creatures (others)
  A centaur (Lair:3)
  An adder (D:11)
  A giant spore (D:11)
3 creatures vanquished.

Grand Total: 638 creatures vanquished

Notes
Turn   | Place    | Note
--------------------------------------------------------------
     0 | D:1      | Leibowitz, the Kobold Gladiator, began the quest for the Orb.
     0 | D:1      | Reached XP level 1. HP: 12/12 MP: 1/1
   147 | D:1      | Reached XP level 2. HP: 9/18 MP: 2/2
   981 | D:2      | Reached XP level 3. HP: 19/22 MP: 3/3
  1044 | D:2      | Found a shattered altar of Ashenzari.
  1097 | D:2      | Reached XP level 4. HP: 27/27 MP: 4/4
  1229 | D:2      | Noticed Jessica
  1261 | D:2      | Killed Jessica
  1261 | D:2      | Reached skill level 5 in Dodging
  1261 | D:2      | Reached skill level 1 in Stealth
  1674 | D:2      | Reached XP level 5. HP: 32/32 MP: 5/5
  1970 | D:3      | Found a stormy altar of Qazlal.
  2434 | D:3      | Noticed Ijyb
  2463 | D:3      | Killed Ijyb
  2463 | D:3      | Reached skill level 5 in Short Blades
  2630 | D:4      | Noticed a sky beast
  2660 | D:3      | HP: 1/32 [something (6)]
  2672 | D:3      | Killed a sky beast
  2672 | D:3      | Reached skill level 1 in Armour
  2672 | D:3      | Reached XP level 6. HP: 9/37 MP: 6/6
  2907 | D:4      | Found a staircase to the Ecumenical Temple.
  2917 | Temple   | Entered the Ecumenical Temple
  3165 | D:4      | Found an iron altar of Okawaru.
  3174 | D:4      | Became a worshipper of Warmaster Okawaru
  3211 | D:4      | Noticed Blork the orc
  3231 | D:4      | Killed Blork the orc
  3231 | D:4      | Reached skill level 6 in Dodging
  3481 | D:4      | Noticed Menkaure
  3518 | D:4      | Found a shimmering altar of Xom.
  3535 | D:4      | Reached XP level 7. HP: 33/41 MP: 7/7
  3921 | D:4      | Found a radiant altar of Vehumet.
  3932 | D:4      | Found a deep blue altar of Sif Muna.
  4032 | D:4      | Found a snail-covered altar of Cheibriados.
  4509 | D:4      | Killed Menkaure
  4677 | D:4      | Found a glowing golden altar of the Shining One.
  4882 | D:5      | Entered Level 5 of the Dungeon
  5068 | D:5      | Acquired Okawaru's first power
  5272 | D:5      | Reached skill level 1 in Evocations
  5618 | D:4      | Reached skill level 7 in Dodging
  5628 | D:4      | Reached XP level 8. HP: 32/48 MP: 9/9
  6383 | D:6      | Noticed Prince Ribbit
  6564 | D:6      | Noticed Sigmund
  6602 | D:6      | Killed Sigmund
  6602 | D:6      | Reached skill level 8 in Dodging
  6602 | D:6      | Reached skill level 1 in Shields
  6688 | D:6      | Killed Prince Ribbit
  6841 | D:6      | Found a blossoming altar of Fedhas.
  6848 | D:6      | Reached XP level 9. HP: 35/52 MP: 10/10
  7210 | D:6      | Found a sparkling altar of Nemelex Xobeh.
  7331 | D:7      | Reached skill level 5 in Stealth
  7377 | D:7      | Reached skill level 9 in Dodging
  7551 | D:7      | Found a sand-covered staircase.
  7556 | Ossuary  | Entered an ossuary
  8386 | D:7      | Reached skill level 5 in Fighting
  8967 | D:7      | Found a shadowy altar of Dithmenos.
  9487 | D:7      | Found Zicoewy's Antique Weapon Shoppe.
  9644 | D:8      | Reached XP level 10. HP: 54/59 MP: 11/11
  9713 | D:8      | Reached skill level 10 in Dodging
 11274 | D:8      | Found a staircase to the Lair.
 11491 | Lair:1   | Entered Level 1 of the Lair of Beasts
 11629 | Lair:1   | Noticed a black mamba
 11661 | Lair:1   | Killed a black mamba
 11661 | Lair:1   | Reached skill level 11 in Dodging
 11661 | Lair:1   | Reached skill level 10 in Stealth
 11666 | Lair:1   | Noticed a spiny frog
 11698 | Lair:1   | Killed a spiny frog
 11711 | Lair:1   | Noticed a spiny frog
 11855 | Lair:1   | Killed a spiny frog
 11855 | Lair:1   | Reached XP level 11. HP: 64/64 MP: 11/13
 12085 | Lair:1   | Noticed a spiny frog
 12099 | Lair:1   | Killed a spiny frog
 12099 | Lair:1   | Received a gift from Okawaru
 12398 | Lair:1   | Acquired Okawaru's second power
 13409 | Lair:2   | Received a gift from Okawaru
 13409 | Lair:2   | Reached skill level 5 in Evocations
 13612 | Lair:2   | Reached skill level 12 in Stealth
 13999 | Lair:3   | Noticed a six-headed hydra
 14009 | Lair:3   | Killed a six-headed hydra
 14009 | Lair:3   | Received a gift from Okawaru
 14009 | Lair:3   | Reached skill level 10 in Short Blades
 14331 | Lair:3   | Found a staircase to the Swamp.
 14480 | Lair:3   | Reached skill level 13 in Stealth
 14480 | Lair:3   | Reached XP level 12. HP: 71/71 MP: 16/16
 14544 | Lair:3   | Found a snail-covered altar of Cheibriados.
 14919 | Lair:3   | Received a gift from Okawaru
 16217 | Lair:4   | Reached skill level 14 in Stealth
 16925 | D:9      | Found a basalt altar of Yredelemnul.
 17610 | D:10     | Entered Level 10 of the Dungeon
 17679 | D:10     | Received a gift from Okawaru
 18552 | D:10     | Found a huge runed gate.
 18552 | D:10     | Found a huge runed gate.
 18552 | D:10     | Found a huge runed gate.
 18552 | D:10     | Found a huge runed gate.
 18570 | D:10     | Reached skill level 15 in Stealth
 18576 | D:10     | Received a gift from Okawaru
 19116 | D:10     | Reached XP level 13. HP: 73/76 MP: 18/18
 19623 | D:11     | Found Higugo Vopeg's Weapon Shop.
 20553 | D:11     | Reached skill level 5 in Shields
 20703 | D:12     | Got a twisted rapier
 20708 | D:12     | Identified the +9 rapier of Absolution {pierce, rC+} (You found it on level 12 of the Dungeon)
 20719 | D:12     | Identified a cursed -2 rod of shadows (9/9) (You found it on level 12 of the Dungeon)
 20748 | D:12     | Reached skill level 5 in Throwing
 20750 | D:12     | Found Hekimm's Assorted Antiques.
 20804 | D:12     | Bought a triangular bone amulet for 125 gold pieces
 20875 | D:12     | Lost intelligence.
 20954 | D:12     | Found a staircase to the Orcish Mines.
 21009 | D:12     | Found Bolud's Antique Weapon Shoppe.
 21463 | D:12     | Noticed Psyche
 21473 | D:12     | Killed Psyche
 21595 | Orc:1    | Entered Level 1 of the Orcish Mines
 22047 | Orc:2    | Reached skill level 16 in Stealth
 22072 | Orc:2    | Found Wulol's Weapon Boutique.
 22367 | Orc:2    | Received a gift from Okawaru
 22389 | Orc:2    | Found Midghudau's Jewellery Shoppe.
 22490 | Orc:2    | Found Ungegost's Jewellery Shop.
 23399 | Orc:3    | Found a roughly hewn altar of Beogh.
 23784 | Orc:4    | Entered Level 4 of the Orcish Mines
 24000 | Orc:4    | Found Zyhonna's Weapon Emporium.
 24001 | Orc:4    | Found Kuzuguor's General Store.
 24001 | Orc:4    | Found Cedwijox's Jewellery Shop.
 24001 | Orc:4    | Found Zoomp's Assorted Antiques.
 24008 | Orc:4    | Cast into the Abyss (an ogre mage)
 24137 | Abyss:1  | Reached skill level 1 in Invocations
 24283 | Abyss:1  | Received a gift from Okawaru
 24308 | Abyss:1  | Noticed a tentacled starspawn
 24333 | Abyss:1  | Noticed an ancient lich
 24347 | Abyss:1  | Splashed by an ancient lich's acid

Action                   |  1- 3 |  4- 6 |  7- 9 | 10-12 | 13-15 || total
-------------------------+-------+-------+-------+-------+-------++-------
Melee: Rapier            |    80 |   223 |   237 |   398 |   601 ||  1539
       Dagger            |       |       |   323 |   383 |       ||   706
 Fire: Blowgun           |       |       |       |     9 |    17 ||    26
Throw: Throwing net      |       |     3 |     8 |     2 |       ||    13
Invok: Heroism           |       |       |     1 |       |     2 ||     3
 Abil: Evoke Invisibilit |       |       |       |    36 |     6 ||    42
Evoke: Wand              |       |       |    11 |       |     1 ||    12
  Use: Potion            |       |     2 |    12 |     6 |     4 ||    24
       Scroll            |       |       |    13 |     7 |     2 ||    22
 Stab: Sleeping          |     1 |     7 |    23 |    90 |    28 ||   149
       Held in net/web   |       |     2 |     3 |       |       ||     5
       Distracted        |       |     1 |     2 |     3 |     3 ||     9
       Invisible         |       |       |       |    51 |    25 ||    76
       Confused          |       |       |       |     1 |       ||     1
  Eat: Chunk             |     8 |     8 |    19 |    48 |    17 ||   100
       Meat ration       |       |     1 |       |     1 |     1 ||     3
